 Dungeon Crawl Stone Soup version 0.17.2-1-ge4368a0 (webtiles) character file.

5170 jacquesderrida the Martial Artist (level 10, 0/57 HPs)
             Began as a Vine Stalker Wanderer on Sept 28, 2016.
             Was a High Priest of Cheibriados.
             Slain by an eight-headed hydra (6 damage)
             ... on level 11 of the Dungeon.
             The game lasted 00:24:34 (3439 turns).

jacquesderrida the Martial Artist (VSWn)            Turns: 3439, Time: 00:24:35

Health: 0/57       AC: 12    Str: 30    XL:     10   Next: 59%
Magic:  0/15       EV: 23    Int: 22    God:    Cheibriados [*****.]
Gold:   264        SH: 10    Dex: 35    Spells: 0 memorised, 9 levels left

rFire  . . .     SeeInvis .       - Unarmed
rCold  . . .     Clarity  +     L - +2 leather armour {rPois}
rNeg   . . .     SustAt   .     H - +0 buckler
rPois  +         Gourm    .     u - +0 helmet
rElec  .         Spirit   +     x - +0 cloak
rCorr  .         Warding  .     E - +1 pair of gloves
rMut   .         Stasis   .     (no boots)
MR     ++...                    A - amulet of regeneration
Stlth  +++.......               (no ring)
                                q - ring of protection from magic

@: mighty, agile, very slightly contaminated, invisible, very slow, very
resistant to hostile enchantments, fairly stealthy
A: fangs 3, large bone plates 1, rugged brown scales 1, clarity, regeneration 2,
magic shield, antimagic bite, no device heal 3, rot immunity
a: Bend Time, Temporal Distortion, Slouch, Step From Time, Renounce Religion


You were on level 11 of the Dungeon.
You worshipped Cheibriados.
Cheibriados was extremely pleased with you.
You were not hungry.

You visited 1 branch of the dungeon, and saw 11 of its levels.
You also visited: Ossuary.

You collected 379 gold pieces.
You spent 115 gold pieces at shops.

Inventory:

Hand Weapons
 b - a +0 shortbow
 d - a +0 hand crossbow
 g - a +1 vampiric spear
Missiles
 c - 44 arrows
 e - 46 bolts
 C - 3 steel javelins (quivered)
Armour
 a - a +2 scale mail
 h - a +0 robe
 u - a +0 helmet (worn)
 x - a +0 cloak (worn)
 E - a +1 pair of gloves (worn)
 F - the +2 leather armour "Pulypp" {rF- Str+2 Dex+3 SInv}
   (You found it on level 9 of the Dungeon)

   It affects your strength (+2).
   It affects your dexterity (+3).
   It makes you vulnerable to fire.
   It lets you see invisible.
 G - a +0 shield
 H - a +0 buckler (worn)
 L - a +2 leather armour of poison resistance (worn)
Jewellery
 q - a ring of protection from magic (left hand)
 A - an amulet of regeneration (around neck)
 B - an uncursed ring of invisibility {unknown}
 D - an uncursed ring of fire
 I - an uncursed ring of ice
Wands
 k - a wand of digging (24)
 o - a wand of magic darts (26)
Scrolls
 j - 2 scrolls of amnesia
 s - 5 scrolls of remove curse
 y - 5 scrolls of identify
 K - a scroll of recharging
Potions
 i - 2 potions of curing
 l - a potion of resistance
 n - 2 potions of might
 v - 3 potions of brilliance
 w - a potion of agility
Comestibles
 f - 4 bread rations
 m - a meat ration
 p - a slice of pizza
 r - a beef jerky
 t - 2 chunks of flesh


   Skills:
 + Level 8.3 Fighting
 - Level 1.0 Crossbows
 - Level 1.5 Armour
 - Level 5.2 Dodging
 + Level 3.2 Shields
 + Level 9.8 Unarmed Combat
 - Level 5.3 Invocations
 - Level 1.0 Evocations


You had 9 spell levels left.
You didn't know any spells.

Dungeon Overview and Level Annotations

Branches:
Dungeon (11/15)            Temple (0/1) D:7            Lair (0/8) D:11
    Orc (0/4) D:9

Altars:
Cheibriados
Dithmenos
Ru
Xom
The Shining One

Shops:
D:6 !   D:10 [

Annotations:
D:5 Eustachio
D:8 Grum, Psyche


Innate Abilities, Weirdness & Mutations

You have razor-sharp teeth.
You heal very quickly.
When hurt, damage is shared between your health and your magic reserves.
Your bite disrupts and absorbs the magic of your enemies.
Potions and wands cannot restore your health.
You are immune to rotting.
You are partially covered in large bone plates (AC +2, SH +2).
You are partially covered in rugged brown scales (AC +1, +3% HP).
You possess an exceptional clarity of mind.


Message History

You block the eight-headed hydra's attack. x2
The eight-headed hydra bites you!
You block the eight-headed hydra's attack.
The eight-headed hydra closely misses you.
The eight-headed hydra bites you!
* * * LOW HITPOINT WARNING * * *
Unknown command.
You strike the helpless eight-headed hydra from behind!
You pummel the eight-headed hydra!! You bite the eight-headed hydra.
You drain its power.
You feel invigorated.
The eight-headed hydra is moderately wounded.
The kobold closely misses you.
You block the eight-headed hydra's attack.
The eight-headed hydra bites you but does no damage.
The eight-headed hydra misses you. The eight-headed hydra bites you!
* * * LOW HITPOINT WARNING * * *
The eight-headed hydra bites you but does no damage.
The eight-headed hydra completely misses you.
The eight-headed hydra bites you!
You die...

*,* *,∩,,,,,,,,,,,,*****,,,* *,
*,* *,************,,,,,,,,,* *,
#.* *,*#** *******>,,**** ..**
*,,..** *****,,,,,,,
..,****,,...** *,,,,,,,,,,,
..,,,,,,,....**### *,****,≈,,,,
..,,,,,,,.....##.## *,* *,,,,,,
..,,,,,,,......K..# *,* *,≈≈≈,≈
..,,,,,,,.,,,,*#@#* *,* **,,,≈≈≈
..,***,,,....###D####*,***,,,,≈≈≈
..,***,,,...>.<.K(†(#*,,,,,,≈≈≈≈,
..,,,,,*,..#####.##.#******..≈≈≈.
..**********####.##.#*###**..≈≈.≈
##* #.......##..,**≈≈≈≈≈. #
#.....†h#.#**,#..≈≈≈. #
#........#* **...;≈≈. *
#........# *....≈≈;


You could see an eight-headed hydra, a big kobold and a kobold.

Vanquished Creatures
  2 trolls
  Grinder (D:4)
  Prince Ribbit (D:7)
  Sigmund (D:5)
  2 hippogriffs
  A hungry ghost (D:10)
  A steam dragon (D:10)
  4 wolves
  5 orc warriors
  Purgy (D:3)
  A black bear (D:10)
  A sky beast (D:9)
  2 ogres
  A necrophage (D:10)
  3 centaurs
  A crocodile (D:11)
  A giant frog (D:9)
  5 gnoll sergeants (D:9)
  4 big kobolds (D:9)
  2 scorpions
  3 wights (D:9)
  A crimson imp (D:8)
  2 centaur zombies
  3 hounds
  A giant frog skeleton (D:7)
  Ijyb (D:2)
  3 orc priests
  A giant frog zombie (D:10)
  Terence (D:2)
  Natasha (D:4)
  3 iguanas
  7 orc wizards
  2 worker ants (D:6)
  13 mummies (Ossuary)
  A gnoll (D:9)
  2 adders
  A shadow imp (D:8)
  An ooze (D:7)
  3 adder skeletons
  4 worms
  2 giant geckos
  23 orcs
  6 bats
  A giant cockroach (D:6)
  5 goblins
  7 hobgoblins
  5 jackals
  6 kobolds
  3 quokkas
  A ball python (D:2)
  4 giant newts
  2 gnoll skeletons (Ossuary)
  3 goblin skeletons (Ossuary)
  2 kobold skeletons (Ossuary)
  An orc skeleton (Ossuary)
  4 rats
  11 rat skeletons (Ossuary)
180 creatures vanquished.

Vanquished Creatures (others)
  An orc (D:10)
  2 fungi (D:6)
3 creatures vanquished.

Grand Total: 183 creatures vanquished

Notes
Turn   | Place    | Note
--------------------------------------------------------------
     0 | D:1      | jacquesderrida the Vine Stalker Wanderer began the quest for the Orb.
     0 | D:1      | jacquesderrida set off with: a +2 scale mail, a +0 shortbow, 20 arrows, a +0 hand crossbow, 23 bolts, a bread ration
     0 | D:1      | Reached XP level 1. HP: 14/14 MP: 2/2
   237 | D:1      | Found a snail-covered altar of Cheibriados.
   250 | D:1      | Reached skill level 1 in Unarmed Combat
   253 | D:1      | Became a worshipper of Cheibriados the Contemplative
   352 | D:1      | Reached XP level 2. HP: 18/18 MP: 3/3
   476 | D:2      | Reached XP level 3. HP: 21/21 MP: 4/4
   494 | D:2      | Reached * piety under Cheibriados
   539 | D:2      | Noticed Terence
   558 | D:2      | Noticed Ijyb
   586 | D:2      | Killed Terence
   586 | D:2      | Reached XP level 4. HP: 12/26 MP: 1/5
   595 | D:2      | Killed Ijyb
   709 | D:3      | Reached XP level 5. HP: 26/30 MP: 2/6
   720 | D:3      | Reached skill level 5 in Unarmed Combat
   770 | D:3      | Reached ** piety under Cheibriados
   818 | D:3      | Noticed Purgy
   828 | D:3      | Killed Purgy
   828 | D:3      | Gained mutation: You heal very quickly. [Vine Stalker growth]
   828 | D:3      | Reached XP level 6. HP: 20/34 MP: 7/7
   886 | D:4      | Noticed Grinder
   893 | D:4      | Reached skill level 1 in Dodging
   894 | D:4      | Paralysed by Grinder for 6 turns
   901 | D:4      | Gained mutation: You are partially covered in large bone plates (AC +2, SH +2). [potion of mutation]
   901 | D:4      | Gained mutation: You are partially covered in rugged brown scales (AC +1, +3% HP). [potion of mutation]
   901 | D:4      | Gained mutation: You possess an exceptional clarity of mind. [potion of mutation]
   915 | D:4      | Killed Grinder
   915 | D:4      | Reached skill level 5 in Fighting
   915 | D:4      | Reached skill level 6 in Unarmed Combat
   915 | D:4      | Reached XP level 7. HP: 8/40 MP: 3/8
  1000 | D:4      | Noticed Natasha
  1005 | D:4      | Killed Natasha
  1012 | D:5      | Entered Level 5 of the Dungeon
  1058 | D:5      | Noticed Sigmund
  1074 | D:5      | Killed Sigmund
  1105 | D:5      | Found a glowing golden altar of the Shining One.
  1196 | D:5      | Found a shimmering altar of Xom.
  1200 | D:5      | Found a sacrificial altar of Ru.
  1206 | D:5      | Reached skill level 7 in Unarmed Combat
  1278 | D:5      | Noticed Eustachio
  1516 | D:6      | Gained mutation: You have razor-sharp teeth. [Vine Stalker growth]
  1516 | D:6      | Reached XP level 8. HP: 45/45 MP: 9/9
  1568 | D:6      | Found a sand-covered staircase.
  1572 | Ossuary  | Entered an ossuary
  1691 | Ossuary  | Reached *** piety under Cheibriados
  1774 | Ossuary  | Reached skill level 1 in Invocations
  1912 | D:6      | Found Jiess's Distillery.
  1930 | D:6      | Bought a potion of degeneration for 14 gold pieces
  1930 | D:6      | Bought a potion of might for 56 gold pieces
  1999 | D:7      | Noticed Prince Ribbit
  2007 | D:7      | Killed Prince Ribbit
  2036 | D:7      | Found a staircase to the Ecumenical Temple.
  2221 | D:7      | Found a shadowy altar of Dithmenos.
  2374 | D:8      | Reached skill level 8 in Unarmed Combat
  2374 | D:8      | Reached XP level 9. HP: 39/50 MP: 10/12
  2420 | D:8      | Noticed Grum
  2429 | D:8      | Reached **** piety under Cheibriados
  2546 | D:8      | Noticed Psyche
  2667 | D:9      | Got a jewelled leather armour
  2680 | D:9      | Identified the +2 leather armour "Pulypp" {rF- Str+2 Dex+3 SInv} (You found it on level 9 of the Dungeon)
  2725 | D:9      | Found a staircase to the Orcish Mines.
  2728 | D:9      | Reached ***** piety under Cheibriados
  2731 | D:9      | Reached skill level 9 in Unarmed Combat
  2731 | D:9      | Reached skill level 5 in Invocations
  2731 | D:9      | Reached skill level 5 in Dodging
  2731 | D:9      | Reached XP level 10. HP: 48/56 MP: 7/14
  2976 | D:10     | Entered Level 10 of the Dungeon
  2976 | D:10     | Found Lali's Armour Boutique.
  3006 | D:10     | Bought a +0 buckler for 45 gold pieces
  3330 | D:11     | Noticed an eight-headed hydra
  3439 | D:11     | Slain by an eight-headed hydra

Action                   |  1- 3 |  4- 6 |  7- 9 | 10-12 || total
-------------------------+-------+-------+-------+-------++-------
Melee: Spear             |   130 |    33 |       |       ||   163
       Unarmed           |       |    74 |   225 |    89 ||   388
Throw: Javelin           |       |       |     1 |       ||     1
Invok: Bend Time         |       |     1 |       |       ||     1
       Slouch            |       |       |     1 |     1 ||     2
Evoke: Wand              |       |       |     5 |       ||     5
  Use: Scroll            |     2 |     1 |    12 |     4 ||    19
       Potion            |       |     4 |       |     3 ||     7
 Stab: Invisible         |       |       |       |     1 ||     1
  Eat: Bread ration      |     1 |       |       |       ||     1
       Chunk             |       |       |     3 |     3 ||     6
